 Dungeon Crawl Stone Soup version 0.20.1-1-g8b1a95d (webtiles) character file.

161 NoNouf the Magician (level 5, 37/38 HPs)
             Began as a Human Wanderer on Aug 4, 2017.
             Quit the game on level 3 of the Dungeon on Aug 5, 2017.
             The game lasted 00:20:34 (2348 turns).

NoNouf the Magician (Human Wanderer)                Turns: 2348, Time: 00:20:34

Health: 37/38      AC:  5    Str: 12    XL:     5   Next: 70%
Magic:  9/9        EV: 10    Int: 13    God:
Gold:   95         SH:  9    Dex: 13    Spells: 8/10 levels left

rFire    . . .     SeeInvis .   s - +1 dagger (drain)
rCold    . . .     Gourm    .   x - +0 buckler
rNeg     . . .     Faith    .   k - +0 ring mail
rPois    .         Spirit   .   (no helmet)
rElec    .         Reflect  +   (no cloak)
rCorr    .         Harm     .   (no gloves)
MR       .....                  (no boots)
Stlth    +.........             l - +5 amulet of reflection
Regen    0.2/turn               (no ring)
MPRegen  0.2/turn               (no ring)

@: drained
A: no striking features
a: no special abilities


You were on level 3 of the Dungeon.
You were not hungry.

You visited 1 branch of the dungeon, and saw 3 of its levels.

You collected 95 gold pieces.

Inventory:

Hand Weapons
 b - a +0 hand crossbow
 m - a +0 short sword
 s - a +1 dagger of draining (weapon)
 t - a +2 dagger of protection
Missiles
 c - 24 bolts
 i - 24 arrows
Armour
 e - a +0 robe
 k - a +0 ring mail (worn)
 u - a +0 robe of the Archmagi
 x - a +0 buckler (worn)
Jewellery
 l - a +5 amulet of reflection (around neck)
Wands
 p - a wand of enslavement (8/24)
Scrolls
 d - 2 scrolls of teleportation
 g - 2 scrolls of identify
 o - 2 scrolls of remove curse
Potions
 h - 2 potions of heal wounds {unknown}
 n - 2 potions of degeneration {unknown}
 q - 3 potions of curing
 r - a potion of agility {unknown}
 w - 2 potions of invisibility {unknown}
Books
 a - a book of Minor Magic

   Spells                             Type                      Level
   a - Magic Dart                     Conjuration                  1
   b - Blink                          Translocation                2
   c - Call Imp                       Summoning                    2
   d - Slow                           Hexes                        2
   e - Conjure Flame                  Conjuration/Fire             3
   f - Mephitic Cloud                 Conjuration/Poison/Air       3
Comestibles
 f - 2 bread rations
 j - a royal jelly
 v - a chunk of flesh


   Skills:
 - Level 2.2(2.1) Fighting
 - Level 0.2(0.0) Short Blades
 - Level 1.0(0.8) Crossbows
 + Level 2.2(2.0) Armour
 - Level 1.0(0.8) Dodging
 - Level 1.6(1.5) Stealth
 + Level 2.0(1.8) Shields
 - Level 3.0(2.8) Spellcasting
   Level 1.0(0.8) Necromancy
 - Level 3.0(2.8) Translocations
   Level 1.0(0.8) Poison Magic


You had 8 spell levels left.
You knew the following spells:

 Your Spells              Type           Power        Failure   Level  Hunger
a - Blink                 Tloc           N/A          30%         2    ###....


Dungeon Overview and Level Annotations

Branches:
Dungeon (3/15)

Altars:


Message History

There is a stone staircase leading up, spattered with blood here.
You see here 2 stones.
You can't go down here!
You climb upwards.
There is a stone staircase leading down, spattered with blood here.
Unknown command.
Done exploring.
You climb downwards.
There is a stone staircase leading up, spattered with blood here.
You see here 2 stones.
Unknown command.
As you read the scroll labeled VENLEQE SOTUM, it crumbles to dust.
You feel blessed for a moment.
It was a scroll of remove curse.
Wear which item? (? for menu, Esc to quit)
You start putting on your armour.
You continue putting on your buckler. x4
You finish putting on your +0 buckler.
Save game and exit?
Welcome back, NoNouf the Human Wanderer.
Press ? for a list of commands and other information.
Are you sure you want to abandon this character and quit the game? (Confirm with "yes".)

....?.$..........
.(....#...(.....#
......#.........#
.................
####.#.(...$.....
.................
$###...)).......)
####..........
#.@.......#
#.........#
#.(.......#
##.......##
##.....## #######


There were no monsters in sight!

Vanquished Creatures
  A jelly (D:2)
  Jessica (D:2)
  Terence (D:2)
  An adder (D:2)
  2 oozes (D:2)
  2 worms (D:2)
  A dart slug (D:1)
  3 giant cockroaches
  7 goblins
  A hobgoblin (D:1)
  5 jackals (D:1)
  A quokka (D:2)
  3 bats
  5 frilled lizards
  13 kobolds
  9 rats
56 creatures vanquished.

Vanquished Creatures (others)
  A kobold (D:2)
1 creature vanquished.

Grand Total: 57 creatures vanquished

Notes
Turn   | Place    | Note
-------+----------+-------------------------------------------
     0 | D:1      | NoNouf the Human Wanderer began the quest for the Orb.
     0 | D:1      | NoNouf set off with: a book of Minor Magic, a +0 hand crossbow, 31 bolts, a scroll of teleportation, a +0 robe, a bread ration
     0 | D:1      | Reached XP level 1. HP: 15/15 MP: 4/4
   237 | D:1      | Reached XP level 2. HP: 11/21 MP: 6/6
   529 | D:1      | Reached skill level 1 in Dodging
   565 | D:1      | Reached XP level 3. HP: 26/26 MP: 7/7
   572 | D:1      | Learned a level 2 spell: Blink
  1096 | D:2      | Noticed Jessica
  1113 | D:2      | Killed Jessica
  1113 | D:2      | Reached skill level 1 in Stealth
  1113 | D:2      | Reached XP level 4. HP: 25/33 MP: 8/8
  1359 | D:2      | Reached skill level 1 in Translocations
  1928 | D:3      | Noticed Terence
  1934 | D:2      | Reached XP level 5. HP: 12/38 MP: 9/9
  2175 | D:2      | Killed Terence
  2348 | D:3      | Quit the game

Skill      XL: |  1  2  3  4  5 |
---------------+----------------+-----
Dodging        | 1 |  1.0
Fighting       | 2 |  2.2
Stealth        | 1 |  1.6
Translocations | 2 3 |  3.0
Armour         | 2 |  2.2
Short Blades   | |  0.2
Crossbows      | |  1.0
Shields        | |  2.0
Spellcasting   | |  3.0
Necromancy     | |  1.0
Poison Magic   | |  1.0

Action                   |  1- 3 |  4- 6 || total
-------------------------+-------+-------++-------
Melee: Short sword       |    38 |    34 ||    72
       Hand crossbow     |     1 |       ||     1
       Dagger            |       |    98 ||    98
 Fire: Hand crossbow     |    59 |     2 ||    61
  Use: Scroll            |     2 |     1 ||     3
 Stab: Sleeping          |       |     1 ||     1
  Eat: Chunk             |     1 |     4 ||     5
Armor: Ring mail         |    22 |    28 ||    50
Dodge: Dodged            |    47 |    43 ||    90
Block: Other             |     4 |    24 ||    28
       Reflection        |       |     2 ||     2
